 Dungeon Crawl Stone Soup version 0.29-a0-392-g297d3b089c (webtiles) character file.

Game seed: 1190736425266442163

8 swappor the Chopper (level 2, 16/26 HPs)
             Began as a Minotaur Berserker on May 8, 2022.
             Was a Follower of Trog.
             Quit the game on level 1 of the Dungeon on May 9, 2022.
             The game lasted 00:00:46 (286 turns).

swappor the Chopper (Minotaur Berserker)             Turns: 286, Time: 00:00:46

Health: 16/26      AC:  2    Str: 21    XL:     2   Next: 0%
Magic:  1/1        EV: 12    Int:  4    God:    Trog [*.....]
Gold:   55         SH:  0    Dex:  9    Spells: 1/1 levels left

rFire   . . .      SeeInvis .   a - +0 hand axe
rCold   . . .      Faith    .   (no shield)
rNeg    . . .      Spirit   .   b - +0 animal skin
rPois   .          Reflect  .   (helmet restricted)
rElec   .          Harm     .   (no cloak)
rCorr   .          Rampage  .   (no gloves)
Will    .....                   (no boots)
Stlth   +.........              (no amulet)
HPRegen 0.08/turn               (no ring)
MPRegen 0.07/turn               (no ring)

@: no status effects
A: horns 2, retaliatory headbutt
a: Renounce Religion, Berserk


You were on level 1 of the Dungeon.
You worshipped Trog.
Trog was aware of your devotion.
You visited 1 branch of the dungeon, and saw 1 of its levels.

You collected 55 gold pieces.

Inventory:

Hand Weapons
 a - a +0 hand axe (weapon)
Missiles
 s - 120 stones (quivered)
Armour
 b - a +0 animal skin (worn)
Scrolls
 c - a scroll of poison {unknown}
 d - a scroll of identify {unknown}
Potions
 e - a potion of cancellation {unknown}


   Skills:
 - Level 3.6 Fighting
 + Level 4.3 Axes
 - Level 2.4 Armour
 - Level 2.1 Dodging


You had one spell level left.
You didn't know any spells.
Your spell library was empty.

Dungeon Overview and Level Annotations

Branches:
Dungeon (1/15)

Altars:


Innate Abilities, Weirdness & Mutations

You have a pair of horns on your head.
You reflexively headbutt those who attack you in melee.


Message History

You hit the giant cockroach.
Your headbutt misses the giant cockroach.
The giant cockroach bites you but does no damage.
You barely miss the giant cockroach. You headbutt the giant cockroach.
You kill the giant cockroach!
Trog accepts your kill.
Things that are here:
a giant cockroach corpse; a ball python corpse The frilled lizard hisses angrily.
You slash the frilled lizard!
You kill the frilled lizard!
Trog accepts your kill.
Found an escape hatch in the floor.
Health restored: 19 You now have 14 gold pieces.
Found a faded altar of an unknown god.
s - 13 stones (quivered)
A ball python comes into view.
The ball python hisses angrily.
The ball python moves out of view.
You slash the ball python!
You kill the ball python!
Trog accepts your kill.
Your Axes skill increases to level 4!
You see here a ball python corpse.
c - a scroll labelled HYKESA JOARA You now have 21 gold pieces (gained 7).
A bat comes into view.
Bad channel name for runrest: 'Jiyva says: Divide and consume' Welcome back, swappor the Minotaur Berserker.
Trog says: Kill them all!
You hit the bat.
You kill the bat!
Trog accepts your kill.
You see here a bat corpse.
s - 27 stones (gained 14)
You now have 35 gold pieces (gained 14).
A rat comes into view.
You see here a scroll labelled FOUZOUSYBA.
You closely miss the rat. The rat closely misses you.
You barely miss the rat. The rat bites you but does no damage.
The rat bites you.
You take 3 damage, and have 16/19 hp.
You hit the rat.
You kill the rat!
Trog accepts your kill.
You see here a rat corpse.
d - a scroll labelled FOUZOUSYBA Health restored: 19 You see here a rat corpse.
A bat comes into view.
A bat is nearby!
The bat barely misses you.
You miss the bat. Your headbutt misses the bat. The bat closely misses you.
You furiously retaliate!
You headbutt the bat, but do no damage. The bat barely misses you.
The bat hits you but does no damage.
You see here 28 stones.
You throw a stone.
The stone hits the bat but does no damage.
The bat hits you but does no damage.
You hit the bat.
You kill the bat!
Trog accepts your kill.
No target in view!
No target in view!
s - 54 stones (gained 28)
Found a stone staircase leading down.
e - a viscous green potion
s - 55 stones (gained 1)
You now have 46 gold pieces (gained 11).
You now have 55 gold pieces (gained 9).
s - 87 stones (gained 32)
s - 101 stones (gained 14)
s - 120 stones (gained 19)
A goblin comes into view. It is wielding a +0 club.
The goblin shouts!
A goblin is nearby!
A goblin is nearby!
A goblin is nearby!
You hit the goblin but do no damage. The goblin misses you.
You closely miss the goblin. The goblin misses you. You furiously retaliate!
You headbutt the goblin. You closely miss the goblin.
Your headbutt misses the goblin. The goblin barely misses you.
You barely miss the goblin. The goblin hits you with a +0 club.
You take 4 damage, and have 15/19 hp.
MASSIVE DAMAGE!!
You closely miss the goblin. Your punch misses the goblin.
The goblin hits you with a +0 club.
You take 3 damage, and have 12/19 hp.
You hit the goblin.
You kill the goblin!
Trog accepts your kill.
You have reached level 2!
You regained 4 hp, and now have 16/26 hp.
MP restored: 1 Bad channel name for runrest: 'Jiyva says: Divide and consume' Welcome back, swappor the Minotaur Berserker.
Trog says: Kill them all!

...# ...## .. #.. ....#
... .. ....# ..##.
###.# ....### #.#
#....# ###.#######
#....#
..........###.[).#
###.####..#....#@##
#..........# #..# .#
##.#†##.....####.###.#
................#..##.#
...##.#..#...#..##.##.#
...##.......##..##..#.#
...##....†..........#.#
...####...#.##.####...#
.. #...#....#......#


There were no monsters in sight!

Vanquished Creatures
  2 ball pythons (D:1)
  2 bats (D:1)
  A giant cockroach (D:1)
  A frilled lizard (D:1)
  A goblin (D:1)
  A rat (D:1)
8 creatures vanquished.

Notes
Turn   | Place    | Note
-------+----------+-------------------------------------------
     0 | D:1      | swappor the Minotaur Berserker began the quest for the Orb.
     0 | D:1      | Reached XP level 1. HP: 19/19 MP: 0/0
   104 | D:1      | Found a faded altar of an unknown god.
   122 | D:1      | Reached skill level 4 in Axes
   286 | D:1      | Reached XP level 2. HP: 16/26 MP: 1/1
   286 | D:1      | Quit the game

Illustrated notes

Levels and vault maps discovered:
D:1:      saegor_arrival_simple_b, layout_basic,
          hellmonk_ecumenical_altar_leap_of_faith

Skill      XL: |  1 |
---------------+----+-----
Axes           | 4 |  4.3
Fighting       | |  3.6
Armour         | |  2.4
Dodging        | |  2.1

Action                   || total
-------------------------++-------
Melee: Hand axe          ||    20
       Headbutt          ||     1
Throw: Stone             ||     1
Armor: Animal skin       ||     5
Dodge: Dodged            ||     8

Table legend: (Time is in decaauts)
 A = Elapsed time spent in this place.
 B = Non-inter-level travel time spent in this place.
 C = Inter-level travel time spent in this place.
 D = Time resting spent in this place.
 E = Time spent auto-exploring this place.
 F = Levels seen in this place.
 G = Mean time per level.
                   A        B        C        D        E       F      G
               +--------+--------+--------+--------+--------+-----+--------+
         Total |    287 |    287 |      0 |      0 |    216 |   1 |  287.0 |
       Dungeon |    287 |    287 |      0 |      0 |    216 |   1 |  287.0 |
               +--------+--------+--------+--------+--------+-----+--------+

Top non-repeatable levels by time:
     D:1: 287 daAuts

Table legend:
 A = Kills in this place as a percentage of kills in entire the game.
 B = Kills by you in this place as a percentage of kills by you in the entire game.
 C = Kills by friends in this place as a percentage of kills by friends in the entire game.
 D = Other kills in this place as a percentage of other kills in the entire game.
 E = Experience gained in this place as a percentage of experience gained in the entire game.
 F = Experience gained in this place divided by the number of levels of this place that you have seen.
                   A       B       C       D       E      F
               +-------+-------+-------+-------+-------+----------------------
         Total | 100.0 | 100.0 |   N/A |   N/A | 100.0 |  12.0
       Dungeon | 100.0 | 100.0 |   N/A |   N/A | 100.0 |  12.0
               +-------+-------+-------+-------+-------+----------------------
